 Dungeon Crawl Stone Soup version 0.32-a0-699-g1ee5eff69a (webtiles) character file.

Game seed: 3766042742812429059

59 Fodor the Shield-Bearer (level 3, -3/33 HPs)
             Began as a Minotaur Fighter on Mar 13, 2024.
             Slain by an ogre
             ... wielding a +0 giant club
              (12 damage)
             ... on level 3 of the Dungeon.
             The game lasted 00:03:29 (1671 turns).

Fodor the Shield-Bearer (Minotaur Fighter)          Turns: 1671, Time: 00:03:30

Health: -3/33      AC:  7    Str: 22    XL:     3   Next: 78%
Magic:  2/2        EV:  8    Int:  5    God:
Gold:   74         SH:  4    Dex:  9    Spells: 2/2 levels left

rFire   . . .        a - +0 war axe
rCold   . . .        c - +0 buckler
rNeg    . . .        b - +0 scale mail
rPois   .            (helmet restricted)
rElec   .            (no cloak)
rCorr   .            (no gloves)
SInv    .            (no boots)
Will    .....        (no amulet) Stlth
                     (no ring)
HPRegen 0.25/turn    (no ring)
MPRegen 0.08/turn

%: no passive effects
@: no status effects
A: horns 2, retaliatory headbutt
a: no special abilities


You were on level 3 of the Dungeon.
You visited 1 branch of the dungeon, and saw 3 of its levels.

You collected 74 gold pieces.

Inventory:

Hand Weapons
 a - a +0 war axe (weapon)
 j - a +0 sling
Armour
 b - a +0 scale mail (worn)
 c - a +0 buckler (worn)
Scrolls
 f - 2 scrolls of identify {unknown}
 h - 2 scrolls of teleportation {unknown}
 i - 2 scrolls of immolation {unknown}
 l - a scroll of blinking {unknown}
Potions
 d - a potion of might
 e - a potion of curing {unknown}
 g - a potion of attraction {unknown}
 k - a potion of berserk rage {unknown}
 m - a potion of enlightenment {unknown}


   Skills:
 + Level 3.8 Fighting
 + Level 3.6 Axes
 + Level 4.2 Armour
 + Level 0.1 Dodging
 + Level 4.3 Shields


You had 2 spell levels left.
You didn't know any spells.
Your spell library contained the following spells:

 Spells                   Type           Power      Damage    Failure   Level
 Apportation              Tloc           0%         N/A       86%         1
 Necrotise                Necr           0%         1d4       86%         1
 Slow                     Hex            0%         N/A       86%         1
 Sting                    Conj/Alch      0%         1d3       86%         1
 Summon Small Mammal      Summ           0%         N/A       86%         1
 Mercury Vapours          Alch/Air       0%         N/A       94%         2
 Confusing Touch          Hex            0%         N/A       99%         3
 Mephitic Cloud           Conj/Alch/Air  0%         N/A       99%         3
 Sigil of Binding         Hex            0%         N/A       99%         3
 Vampiric Draining        Necr           0%         2d6       99%         3
 Freezing Cloud           Conj/Ice/Air   0%         6-21      100%        5
 Death Channel            Necr           0%         N/A       100%        6
 Sculpt Simulacrum        Ice/Alch       0%         N/A       100%        6


Dungeon Overview and Level Annotations

Branches:
Dungeon (3/15)

Altars:
Xom

Shops:
D:2 :


Innate Abilities, Weirdness & Mutations

You have a pair of horns on your head.
You reflexively headbutt those who attack you in melee.


Message History

a +0 whip; 5 stones; a jackal corpse
Things that are here:
a +0 whip; 5 stones; a jackal corpse You now have 74 gold pieces (gained 11).
Done exploring.
Done exploring.
There is a stone staircase leading down here.
You climb downwards.
There is a stone staircase leading up here.
As you open the door, it creaks loudly!
An ogre comes into view. It is wielding a +0 giant club.
You hear an angry hiss.
Found a pair of gloves.
Okay, then.
j - a +0 sling (weapon)
You shoot a sling bullet.
The sling bullet barely misses the ogre.
You shoot a sling bullet. The sling bullet hits the ogre.
The ogre is lightly wounded.
You shoot a sling bullet.
The sling bullet barely misses the ogre.
The ogre completely misses you.
a - a +0 war axe (weapon)
You barely miss the ogre. You headbutt the ogre.
The ogre is moderately wounded.
You block the ogre's attack.
You hit the ogre.
The ogre is moderately wounded.
The ogre misses you.
You slash the ogre!
The ogre is severely wounded.
The ogre hits you with a +0 giant club!!
Ouch! That really hurt!
* * * LOW HITPOINT WARNING * * *
You hit the ogre.
The ogre is severely wounded.
You hit the ogre.
The ogre is almost dead.
The ogre hits you with a +0 giant club!
You die...

. [. ...
.... .....
......####
......O@<#
......####
###.. ...
... .. .


You could see an ogre.

Vanquished Creatures
  2 adders (D:2)
  A ribbon worm (D:2)
  3 bats
  A giant cockroach (D:2)
  4 goblins
  3 hobgoblins (D:1)
  5 jackals
  4 quokkas
  2 ball pythons (D:1)
  2 frilled lizards
  5 kobolds
  5 rats
37 creatures vanquished.

Notes
Turn   | Place    | Note
-------+----------+-------------------------------------------
     0 | D:1      | Fodor the Minotaur Fighter began the quest for the Orb.
     0 | D:1      | Reached XP level 1. HP: 19/19 MP: 0/0
   189 | D:1      | Reached XP level 2. HP: 27/27 MP: 1/1
   915 | D:2      | Found Ammiull's Book Boutique.
  1073 | D:2      | Reached XP level 3. HP: 29/33 MP: 2/2
  1347 | D:2      | Found a shimmering altar of Xom.
  1661 | D:3      | Noticed an ogre
  1671 | D:3      | Slain by an ogre

Illustrated notes

Levels and vault maps discovered:
D:1:      scummos_arrival_forest, layout_basic
D:2:      layout_loops_ring, basic_altar, serial_shops, shop
D:3:      layout_basic, mainiacjoe_overflow_surrounded_room, serial_undead,
          serial_undead_a, serial_undead_b, serial_undead_a, serial_undead_e,
          nicolae_grassy_gnolls, uniq_jessica

Skill      XL: |  1  2 |
---------------+-------+-----
Shields        | 4 |  4.3
Armour         | 4 |  4.2
Axes           | 3 |  3.6
Fighting       | |  3.8
Dodging        | |  0.1

Action                     || total
---------------------------++-------
  Melee: War axe           ||    87
         Headbutt          ||    11
   Fire: Sling             ||     3
 Armour: Scale mail        ||    83
  Dodge: Dodged            ||    45
  Block: Buckler           ||    16

Table legend: (Time is in decaauts)
 A = Elapsed time spent in this place.
 B = Non-inter-level travel time spent in this place.
 C = Inter-level travel time spent in this place.
 D = Time resting spent in this place.
 E = Time spent auto-exploring this place.
 F = Levels seen in this place.
 G = Mean time per level.
                   A        B        C        D        E       F      G
               +--------+--------+--------+--------+--------+-----+--------+
         Total |   1703 |   1680 |     23 |      0 |   1279 |   3 |  567.7 |
       Dungeon |   1703 |   1680 |     23 |      0 |   1279 |   3 |  567.7 |
               +--------+--------+--------+--------+--------+-----+--------+

Top non-repeatable levels by time:
     D:1: 926 daAuts
     D:2: 763 daAuts
     D:3: 13 daAuts
